 Dungeon Crawl Stone Soup version 0.31.0-11-ge490571c62 (webtiles) character file.

Game seed: 7255768083458880413

68418 benadryl the Metamorph (level 14, -2/128 HPs)
             Began as a Troll Shapeshifter on Jan 27, 2024.
             Was a High Priest of Hepliaklqana.
             Slain by a spriggan rider
             ... wielding a +0 spear
              (28 damage)
             ... on level 1 of the Swamp.
             The game lasted 00:52:13 (15801 turns).

benadryl the Metamorph (Troll Shapeshifter)        Turns: 15801, Time: 00:52:14

Health: -2/128     AC:  4    Str: 27    XL:     14   Next: 86%
Magic:  17/17      EV: 18    Int:  6    God:    Hepliaklqana [*****.]
Gold:   1654       SH:  0    Dex: 11    Spells: 13/13 levels left

rFire   + +          .
                       - Unarmed
rCold   . . .        (shield currently unavailable)
rNeg    . . .        a - +0 troll leather armour
rPois   .            G - +0 hat
rElec   .            A - +0 cloak
rCorr   .            (gloves unavailable)
SInv    .            (boots unavailable)
Will    +....        y - amulet of regeneration
Stlth   +            N - +5 ring of evasion
HPRegen 2.81/turn    D - ring "Duedapsa" {Fly rF++}
MPRegen 0.15/turn

%: no passive effects
@: blade hands, flying, studying Long Blades
A: reduced essence, large, unfitting armour, (claws 3), regeneration 1, shaggy
fur 1, tough skin 1
a: Begin Untransformation, Renounce Religion, Recall Ancestor, Ancestor
Identity, Transference, Idealise


You were on level 1 of the Swamp.
You worshipped Hepliaklqana.
Hepliaklqana was extremely pleased with you.
You had blades for hands.
You visited 4 branches of the dungeon, and saw 19 of its levels.

You collected 1787 gold pieces.
You spent 133 gold pieces at shops.

Inventory:

Hand Weapons
 v - a +2 giant spiked club
Missiles
 g - 2 throwing nets
 m - 5 javelins
 o - 6 boomerangs
 E - 3 poisoned darts (quivered)
 S - 7 large rocks
Armour
 a - a +0 troll leather armour (worn)
 h - +0 acid dragon scales
 A - a +0 cloak (worn)
 G - a +0 hat (worn)
 H - a +0 robe of cold resistance
 M - a +0 kite shield
Jewellery
 s - a ring of resist corrosion
 y - an amulet of regeneration (around neck)
 D - the ring "Duedapsa" (right blade hand) {Fly rF++}
   (You found it on level 8 of the Dungeon)

   [ring of flight]

   rF++:      It greatly protects you from fire.
   Fly:       It grants you flight.
 K - the ring "Atunk" {rElec rF- Int+5 Dex+6}
   (You found it on level 11 of the Dungeon)

   [ring of dexterity]

   Int+5:     It affects your intelligence (+5).
   Dex+6:     It affects your dexterity (+6).
   rF-:       It makes you vulnerable to fire.
   rElec:     It insulates you from electricity.
 N - a +5 ring of evasion (left blade hand)
Talismans
 c - a beast talisman
 d - a flux talisman
 z - a blade talisman (active)
 R - a talisman of death
Wands
 x - a wand of charming (23)
 B - a wand of roots (6)
 F - a wand of polymorph (6)
 O - a wand of flame (2)
Scrolls
 e - 6 scrolls of teleportation
 i - 5 scrolls of revelation
 k - a scroll of fog
 l - 2 scrolls of immolation
 q - 2 scrolls of vulnerability
 C - 3 scrolls of poison
 J - a scroll of silence
Potions
 b - a potion of invisibility
 f - 3 potions of curing {@q1}
 j - 2 potions of might
 n - 6 potions of attraction
 t - a potion of heal wounds
 u - 3 potions of resistance
 w - 3 potions of enlightenment
 I - 4 potions of haste
 L - a potion of mutation
 Q - a potion of lignification


   Skills:
 - Level 10.0 Fighting
 - Level 10.0 Dodging
 * Level 13.1 Unarmed Combat
 - Level 5.5 Invocations
 - Level 15.0 Shapeshifting


You had 13 spell levels left.
You didn't know any spells.
Your spell library contained the following spells:

 Spells                   Type           Power      Damage    Failure   Level
 Apportation              Tloc           0%         N/A       50%         1
 Magic Dart               Conj           0%         1d3       50%         1
 Necrotise                Necr           0%         1d4       50%         1
 Sting                    Conj/Alch      0%         1d3       50%         1
 Summon Small Mammal      Summ           0%         N/A       50%         1
 Blink                    Tloc           0%         N/A       63%         2
 Call Imp                 Summ           0%         N/A       63%         2
 Cigotuvi's Dreadful Rot  Necr/Alch/Air  0%         N/A       63%         2
 Ensorcelled Hibernation  Hex/Ice        0%         N/A       63%         2
 Jinxbite                 Hex            0%         N/A       63%         2
 Sublimation of Blood     Necr           0%         N/A       63%         2
 Hailstorm                Conj/Ice       0%         3d5       86%         3
 Summon Ice Beast         Ice/Summ       0%         N/A       86%         3
 Tukima's Dance           Hex            0%         N/A       86%         3
 Anguish                  Hex/Necr       0%         N/A       99%         4
 Cause Fear               Hex            0%         N/A       99%         4
 Ignite Poison            Fire/Alch      0%         N/A       99%         4
 Passage of Golubria      Tloc           0%         N/A       99%         4
 Petrify                  Alch/Erth      0%         N/A       99%         4
 Freezing Cloud           Conj/Ice/Air   0%         6-21      100%        5
 Irradiate                Conj/Alch      0%         3d11      100%        5
 Yara's Violent Unravell  Hex/Alch       0%         3d3       100%        5
 Sculpt Simulacrum        Ice/Alch       0%         N/A       100%        6
 Enfeeble                 Hex            0%         N/A       100%        7
 Discord                  Hex            0%         N/A       100%        8


Dungeon Overview and Level Annotations

Branches:
Dungeon (11/15)            Temple (0/1) D:7            Lair (5/5) D:8
  Swamp (1/4) Lair:2        Snake (0/4) Lair:2          Orc (2/2) D:10
    Elf (0/3) Orc:2
  Slime: Lair:4-5

Altars:
Cheibriados
Dithmenos
Hepliaklqana
Nemelex Xobeh
Okawaru
Trog
Vehumet
Xom
Yredelemnul
The Shining One
Jiyva

Shops:
D:4 *   D:8 =   Orc:1 =   Orc:2 **(:

Portals:
Pandemonium: Orc:2

Annotations:
D:9 1 runed translucent door
Lair:3 3 runed translucent doors, OlivierBoivin's ghost, journeyman MfGl


Innate Abilities, Weirdness & Mutations

You have blades for hands.
You are incapable of wielding weapons or throwing items.
Your life essence is reduced to manifest your ancestor. (-10% HP)
You are too large for most types of armour.
((You have claws for hands.))
Your natural rate of healing is unusually fast.
You are covered in fur. (AC +1)
You have tough skin. (AC +1)


Message History

Njabulo drains the thorn hunter.
You slice the thorn hunter!!
The thorn hunter is severely damaged.
The thorn hunter barely misses you. The thorn hunter hits you!
The spriggan rider completely misses you.
Njabulo hits the thorn hunter but does no damage.
You completely miss the thorn hunter.
The thorn hunter is severely damaged.
Njabulo hits the thorn hunter with a +0 dagger of draining!
The thorn hunter closely misses Njabulo.
The thorn hunter hits Njabulo but does no damage.
The spriggan rider barely misses you.
Njabulo hits the thorn hunter with a +0 dagger of draining.
You catch the helpless thorn hunter completely off-guard!
You slice the thorn hunter!!
You destroy the thorn hunter!
The spriggan rider hits you with a +0 spear.
You closely miss the spriggan rider.
The spriggan rider hits you with a +0 spear!
Njabulo hits the spriggan rider but does no damage.
You hit the spriggan rider.
The spriggan rider is lightly wounded.
The spriggan rider hits you with a +0 spear!!
* * * LOW HITPOINT WARNING * * *
Njabulo misses the spriggan rider.
You miss the spriggan rider.
The spriggan rider is lightly wounded.
Njabulo hits the spriggan rider with a +0 dagger of draining!
The spriggan rider closely misses you.
Njabulo casts a spell at the spriggan rider.
The spriggan rider resists with almost no effort.
You slice the spriggan rider!!
The spriggan rider is heavily wounded.
The spriggan rider hits you with a +0 spear!!
* * * LOW HITPOINT WARNING * * *
You feel much better.
Njabulo closely misses the spriggan rider.
Njabulo hits the spriggan rider with a +0 dagger of draining.
The spriggan rider hits you with a +0 spear!!
You die...

.~~~~~ ♣♣.~~.♣ .
♣♣.§~..♣
.P♣♣♣~.~..♣
~PP...~÷~♣ ~
~PP.~~~~~♣ ~~~
.PP~~.÷<.♣♣♣♣~~~~
♣♣♣♣♣♣.÷~)..~♣
♣...@R>♣♣
♣♣$~~i~..♣
♣.~~~~~..♣
♣.~~~~~~..♣
♣..~~~~~~~.
...~~~~~.♣~
♣..§~§~~~.~.
~~~~~~~~~~.♣


You could see the friendly Njabulo the hexer and a spriggan rider (ally target).

Vanquished Creatures
  Gastronok (D:8)
  A thorn hunter (Swamp:1)
  A dire elephant (Lair:5)
  3 bunyips (Swamp:1)
  A yaktaur captain (D:11)
  3 hydras
  Harold (Lair:2)
  A boulder beetle (Lair:4)
  A merfolk avatar (Lair:5)
  2 demonspawn (Orc:2)
  A death knight (D:11)
  7 death yaks
  2 orc high priests (Orc:2)
  A spriggan (Swamp:1)
  2 sixfirhies (Orc:2)
  A skyshark (Lair:5)
  2 sea snakes (Lair:5)
  A harpy (Lair:5)
  A lindwurm (Lair:3)
  Pikel (D:8)
  An oklob plant (Lair:1)
  9 orc sorcerers (Orc:2)
  5 orc knights
  2 cyclopes (D:11)
  A deep elf pyromancer (D:11)
  Maurice (D:7)
  A salamander (Lair:2)
  Joseph (D:7)
  5 black mambas
  A kobold blastminer (Orc:1)
  9 elephants
  A torpor snail (Lair:2)
  Maggie (D:8)
  8 cane toads
  4 komodo dragons
  3 rime drakes
  4 trolls
  3 hornets
  Prince Ribbit (D:7)
  3 blink frogs
  2 polar bears
  8 dream sheep (Lair:4)
  2 snapping turtles (Lair:5)
  Sigmund (D:6)
  6 wyverns
  3 basilisks
  59 yaks
  3 wargs
  5 vampire mosquitoes
  Menkaure (D:4)
  Edmund (D:4)
  13 water moccasins
  24 orc warriors
  5 black bears
  A laughing skull (D:11)
  An ice beast (D:6)
  A sky beast (D:8)
  8 ogres
  2 lemures (D:8)
  4 centaurs
  2 phantoms
  2 kobold brigands
  9 bullfrogs
  A gnoll sergeant (D:10)
  4 scorpions
  A hexer (Orc:1)
  5 wights (D:8)
  2 electric eels (D:11)
  8 howler monkeys
  A bombardier beetle (D:4)
  22 orc priests
  2 jellies
  2 hounds (D:4)
  2 sleepcaps
  Jessica (D:2)
  4 iguanas
  Natasha (twice) (D:2)
  13 orc wizards
  7 gnolls
  7 adders
  A white imp (D:5)
  2 ufetubi (D:6)
  4 ribbon worms
  59 orcs
  5 endoplasms
  3 giant cockroaches
  10 goblins
  9 hobgoblins
  2 jackals (D:1)
  14 kobolds
  3 quokkas
  6 ball pythons
  A bat (D:1)
  12 frilled lizards
  3 rats
479 creatures vanquished.

Vanquished Creatures (collateral kills)
  A death yak (Lair:5)
  A manticore (Lair:5)
  A cane toad (Lair:1)
  A komodo dragon (Lair:1)
  A hornet (Lair:5)
  3 blink frogs
  A snapping turtle (Lair:5)
  2 dream sheep
  12 yaks
  A basilisk (Lair:4)
  A steam dragon (D:10)
  A vampire mosquito (Lair:2)
  2 water moccasins
  5 orc warriors
  A kobold brigand (D:8)
  A scorpion (D:8)
  3 orc priests (Orc:2)
  3 orc wizards
  9 orcs
  3 kobolds (D:8)
  2 butterflies (Lair:2)
55 creatures vanquished.

Vanquished Creatures (others)
  A bloated husk (Swamp:1)
  12 hexers
  2 ancestors (D:8)
15 creatures vanquished.

Grand Total: 549 creatures vanquished

Notes
Turn   | Place    | Note
-------+----------+-------------------------------------------
     0 | D:1      | benadryl the Troll Shapeshifter began the quest for the
                  | Orb.
     0 | D:1      | Reached XP level 1. HP: 18/18 MP: 0/0
    60 | D:1      | Reached skill level 1 in Fighting
    97 | D:1      | Reached XP level 2. HP: 26/28 MP: 1/1
   443 | D:2      | Reached XP level 3. HP: 26/36 MP: 2/2
   525 | D:2      | Reached XP level 4. HP: 42/45 MP: 3/3
   588 | D:2      | Noticed Natasha
   597 | D:2      | Killed Natasha
   602 | D:2      | Reached XP level 5. HP: 51/54 MP: 4/4
   662 | D:2      | Noticed Natasha
   671 | D:2      | Killed Natasha
   725 | D:2      | Noticed Jessica
   733 | D:2      | Killed Jessica
  1000 | D:3      | Noticed an ogre
  1014 | D:3      | Killed an ogre
  1015 | D:3      | Reached XP level 6. HP: 34/62 MP: 5/5
  1083 | D:3      | Reached skill level 5 in Unarmed Combat
  1215 | D:3      | Found a shimmering altar of Xom.
  1966 | D:4      | Reached XP level 7. HP: 70/70 MP: 6/6
  2026 | D:4      | Noticed Edmund
  2032 | D:4      | Killed Edmund
  2094 | D:4      | Found Kearch's General Store.
  2134 | D:4      | Noticed Menkaure
  2139 | D:4      | Killed Menkaure
  2412 | D:4      | Found a bloodstained altar of Trog.
  2456 | D:4      | Found an iron altar of Okawaru.
  2496 | D:5      | Entered Level 5 of the Dungeon
  2527 | D:5      | Reached XP level 8. HP: 61/78 MP: 7/7
  3174 | D:6      | Noticed Sigmund
  3302 | D:5      | Reached skill level 4 in Shapeshifting
  3471 | D:5      | Reached skill level 5 in Shapeshifting
  3776 | D:5      | Reached skill level 6 in Shapeshifting
  3811 | D:6      | Killed Sigmund
  3812 | D:6      | Reached XP level 9. HP: 84/84 MP: 8/8
  3827 | D:6      | Reached skill level 7 in Shapeshifting
  4013 | D:6      | Found a hazy altar of Hepliaklqana.
  4014 | D:6      | Found a shadowy altar of Dithmenos.
  4021 | D:6      | Became a worshipper of Hepliaklqana the Forgotten
  4060 | D:6      | Found a radiant altar of Vehumet.
  4060 | D:6      | Found a basalt altar of Yredelemnul.
  4073 | D:6      | Found a faded altar of an unknown god.
  4075 | D:6      | Found a snail-covered altar of Cheibriados.
  4077 | D:6      | Found a faded altar of an unknown god.
  4259 | D:7      | Found a glowing golden altar of the Shining One.
  4259 | D:7      | Noticed Joseph
  4267 | D:7      | Noticed Prince Ribbit
  4280 | D:7      | Killed Joseph
  4281 | D:7      | Reached skill level 5 in Fighting
  4291 | D:7      | Killed Prince Ribbit
  4334 | D:7      | Found a staircase to the Ecumenical Temple.
  4620 | D:7      | Reached * piety under Hepliaklqana
  4836 | D:7      | Noticed Maurice
  4839 | D:7      | Maurice stole a +1 flail of holy wrath
  4841 | D:7      | Killed Maurice
  5249 | D:8      | Found Gafron's Jewellery Shop.
  5303 | D:8      | Identified the ring "Duedapsa" {Fly rF++}
  5309 | D:8      | Found a staircase to the Lair.
  5310 | D:8      | Noticed a komodo dragon
  5331 | D:8      | Killed a komodo dragon
  5334 | D:8      | Reached XP level 10. HP: 76/91 MP: 7/9
  5341 | D:8      | Reached skill level 8 in Shapeshifting
  5547 | D:8      | Reached skill level 9 in Shapeshifting
  5555 | D:8      | Noticed Maggie
  5568 | D:8      | Killed Maggie
  5595 | D:8      | Noticed Gastronok
  5613 | D:8      | Killed Gastronok
  5619 | D:8      | Reached skill level 5 in Dodging
  6246 | D:9      | Noticed Pikel
  6276 | D:8      | Killed Pikel
  6330 | D:9      | Reached ** piety under Hepliaklqana
  6331 | D:9      | Remembered your ancestor Njabulo as a hexer
  6359 | D:9      | Identified the +8 mace "Fuqeuke" {vamp, rCorr MP-9 Str+7
                  | Int+3}
  6534 | D:9      | Found a sparkling altar of Nemelex Xobeh.
  6818 | D:9      | Noticed a black mamba
  6820 | D:9      | Found a runed translucent door.
  7129 | D:10     | Entered Level 10 of the Dungeon
  7220 | D:10     | Found a staircase to the Orcish Mines.
  7277 | D:10     | Reached skill level 10 in Shapeshifting
  7283 | D:10     | Reached XP level 11. HP: 85/98 MP: 10/10
  7978 | Lair:1   | Entered Level 1 of the Lair of Beasts
  8056 | Lair:1   | Noticed an oklob plant
  8070 | Lair:1   | Killed an oklob plant
  8090 | Lair:1   | Reached skill level 11 in Shapeshifting
  8125 | Lair:1   | Reached *** piety under Hepliaklqana
  8662 | Lair:1   | Reached skill level 12 in Shapeshifting
  8912 | Lair:1   | Reached skill level 10 in Unarmed Combat
  9445 | Lair:2   | Noticed Harold
  9457 | Lair:2   | Killed Harold
  9778 | Lair:2   | Reached XP level 12. HP: 106/106 MP: 11/11
  9997 | Lair:2   | Found a staircase to the Snake Pit.
 10275 | Lair:2   | Reached **** piety under Hepliaklqana
 10440 | Lair:2   | Reached skill level 10 in Fighting
 10470 | Lair:2   | Reached skill level 1 in Invocations
 10565 | Lair:2   | Found a staircase to the Swamp.
 10884 | Lair:3   | Got Sif Muna's Lessons on Polar Malisons
 10937 | Lair:3   | Found the +5 woodcutter's axe
 10948 | Lair:3   | Reached skill level 5 in Invocations
 10948 | Lair:3   | Reached XP level 13. HP: 97/119 MP: 15/15
 11214 | Lair:3   | Found a runed translucent gate.
 11214 | Lair:3   | Found a runed translucent gate.
 11214 | Lair:3   | Found a runed translucent gate.
 11215 | Lair:3   | Found a viscous altar of Jiyva.
 11215 | Lair:3   | Noticed OlivierBoivin's ghost (journeyman MfGl)
 11695 | Lair:4   | Reached ***** piety under Hepliaklqana
 12307 | Lair:5   | Entered Level 5 of the Lair of Beasts
 12674 | Lair:5   | Noticed a dire elephant
 12687 | Lair:5   | Killed a dire elephant
 12694 | Lair:5   | Reached skill level 10 in Dodging
 12799 | Lair:5   | Found the +8 trident of the Octopus King {venom, rElec
                  | rPois}
 12950 | Lair:5   | Reached XP level 14. HP: 127/128 MP: 17/17
 13388 | D:11     | Reached skill level 13 in Shapeshifting
 13410 | D:11     | Identified the ring "Atunk" {rElec rF- Int+5 Dex+6}
 13692 | Orc:1    | Entered Level 1 of the Orcish Mines
 13692 | Orc:1    | Found Viatok's Jewellery Shop.
 13994 | Orc:2    | Entered Level 2 of the Orcish Mines
 14503 | Orc:2    | Found a staircase to the Elven Halls.
 14636 | Orc:2    | Found Arauhuce's General Store.
 14716 | Orc:2    | Found Muqupsoq's General Store.
 14724 | Orc:2    | Reached skill level 14 in Shapeshifting
 14929 | Orc:2    | Paralysed by an orc sorcerer for 3 turns
 15109 | Orc:2    | Reached skill level 15 in Shapeshifting
 15160 | Orc:2    | Found Wegin's Antique Weapon Shoppe.
 15160 | Orc:2    | Found Xaolise's Book Emporium.
 15165 | Orc:2    | Found a one-way gate leading to the halls of Pandemonium.
 15203 | Orc:2    | Bought a scroll of teleportation for 42 gold pieces
 15205 | Orc:2    | Bought a scroll of fog for 52 gold pieces
 15205 | Orc:2    | Bought a scroll of teleportation for 39 gold pieces
 15479 | Swamp:1  | Entered Level 1 of the Swamp
 15580 | Swamp:1  | Noticed a thorn hunter
 15795 | Swamp:1  | Killed a thorn hunter
 15801 | Swamp:1  | Slain by a spriggan rider

Illustrated notes

Levels and vault maps discovered:
D:1:      wander_arrival_estate, layout_rooms, minmay_misc_feat_room
D:2:      layout_rooms, hangedman_decor_riveting, minmay_lizard_king,
          uniq_jessica, uniq_natasha
D:3:      layout_basic, xom_teletrap_fun
D:4:      layout_basic, mainiacjoe_overflow_catwalk,
          mainiacjoe_overflow_alcove_2, serial_shops, nicolae_diamond_shop,
          hex_tiny, uniq_menkaure, uniq_edmund
D:5:      layout_rooms, nrook_pool_corridor, kennysheep_generic_room_13
D:6:      layout_rooms, riverfiend_overflow_shadow_ancestor,
          chequers_temple_overflow_minitemple, grunt_decor_one_mirror,
          minivault_4, st_stairs_7, minmay_manual_monstrance, uniq_sigmund
D:7:      layout_basic, tso_metal_star, temple_doors_e, uniq_prince_ribbit1,
          uniq_joseph, uniq_maurice
D:8:      layout_cave_pods, due_lair_maze_entry_diamond, serial_shops,
          nicolae_shop_real_fake_doors, uniq_gastronok, uniq_maggie
D:9:      layout_loops_cross, overflow_temple_1_default, grunt_decor_fettered,
          minmay_st_funbox, minmay_misc_feat_columns, uniq_pikel
D:10:     layout_loops_ring, orc_0_dummy
D:11:     minmay_chopped_fan, layout_basic
Lair:1:   layout_big_grid, grunt_forest_small_clearings
Lair:2:   layout_cave_pods, minmay_swamp_entry_swarm,
          alex1729_snake_entry_snake, grunt_megastairs_1, lemuel_fruit_fields,
          serial_bayou_shore_b, serial_bayou_shore_b, lemuel_fruit_tree,
          uniq_harold, uniq_nergalle
Lair:3:   layout_chaotic_city, gammafunk_ghost_ooze, minivault_26
Lair:4:   layout_hall_layers, nicolae_lair_grazing_beasts
          [nicolae_sub_lair_graze_edge, nicolae_sub_lair_graze_edge,
          nicolae_sub_lair_graze_edge, nicolae_sub_lair_graze_edge]
Lair:5:   gammafunk_lair_ancient_temple, layout_regular_city,
          dpeg_slime_entry_corner, fungi_pond_lemuel
Swamp:1:  cheibrodos_swamp_tower_of_moss, layout_basic_swamp, ebering_ghost_xom,
          nicolae_swamp_oxbows
Orc:1:    layout_diamond_mine, serial_shops, shop, basic_altar
Orc:2:    pf_orc_diabolical, layout_diamond_mine

Skill      XL: |  1  2  3  4  5  6  7  8  9 10 11 12 13 14 |
---------------+-------------------------------------------+-----
Fighting       | 1 2 3 4 7 10 | 10.0
Unarmed Combat | 4 6 8 9 11 12 13 | 13.1
Shapeshifting  | 6 7 10 12 15 | 15.0
Dodging        | 5 10 | 10.0
Invocations    | 5 |  5.5

Action                     |  1- 3 |  4- 6 |  7- 9 | 10-12 | 13-15 || total
---------------------------+-------+-------+-------+-------+-------++-------
  Melee: Unarmed           |    70 |   120 |   186 |   427 |   528 ||  1331
         Punch             |       |       |     9 |    27 |    40 ||    76
  Throw: Dart              |       |     4 |     7 |     6 |       ||    17
         Throwing net      |       |       |     1 |       |       ||     1
 Invoke: Recall Ancestor   |       |       |     1 |     5 |    10 ||    16
         Ancestor Life: He |       |       |       |     1 |       ||     1
         Idealise          |       |       |       |       |     3 ||     3
  Evoke: Wand              |       |       |     1 |     6 |    14 ||    21
    Use: Potion            |       |     3 |     3 |     7 |     5 ||    18
         Scroll            |       |     8 |     8 |     5 |     8 ||    29
   Stab: Sleeping          |       |       |     1 |       |       ||     1
         Invisible         |       |       |       |     6 |     6 ||    12
         Confused          |       |       |       |     7 |     3 ||    10
         Distracted        |       |       |       |     3 |     4 ||     7
 Armour: Animal skin       |    55 |    73 |   156 |    23 |       ||   307
         Skin              |       |    10 |       |    40 |       ||    50
         Acid dragon scale |       |       |       |   241 |   193 ||   434
         Troll leather arm |       |       |       |       |    85 ||    85
  Dodge: Dodged            |    39 |    36 |    67 |   205 |   332 ||   679
   Form: Blade             |       |       |       |     2 |       ||     2
         Beast             |       |       |       |     1 |       ||     1
